 Dungeon Crawl Stone Soup version 0.29.1-1-gd02db6906a (webtiles) character file.

Game seed: 18385209438716994305

2605 xian the Cutter (level 9, -3/65 HPs)
             Began as a Human Wanderer on Oct 16, 2022.
             Was an Initiate of Okawaru.
             Slain by Harold
             ... wielding a +0 scimitar
              (10 damage)
             ... on level 10 of the Dungeon.
             The game lasted 00:19:29 (10255 turns).

xian the Cutter (Human Wanderer)                   Turns: 10255, Time: 00:19:29

Health: -3/65      AC: 12    Str: 15    XL:     9   Next: 90%
Magic:  19/19      EV: 13    Int: 19    God:    Okawaru [......]
Gold:   405        SH:  0    Dex: 14    Spells: 6/10 levels left

rFire   . . .      SeeInvis .   G - +2 dagger (venom)
rCold   . . .      Faith    .   (no shield)
rNeg    . . .      Spirit   .   I - +2 ring mail {Will+}
rPois   .          Reflect  .   g - +0 helmet
rElec   .          Harm     .   F - +1 cloak
rCorr   .          Rampage  .   a - +1 pair of gloves
Will    +....                   (no boots)
Stlth   ++........              (no amulet)
HPRegen 0.20/turn               w - +4 ring of slaying
MPRegen 0.16/turn               o - ring "Jetwiyke" {MP+9 Int+6}

@: marked
A: no striking features
a: Renounce Religion


You were on level 10 of the Dungeon.
You worshipped Okawaru.
Okawaru was noncommittal.
You visited 2 branches of the dungeon, and saw 9 of its levels.
You also visited: Sewer.

You collected 405 gold pieces.

Inventory:

Hand Weapons
 v - a +4 dagger of protection
 G - a +2 dagger of venom (weapon)
Missiles
 b - 13 poisoned darts
 r - 4 throwing nets
 u - 3 silver javelins
 x - 8 boomerangs
 y - 2 silver boomerangs
 H - a datura-tipped dart (quivered)
Armour
 a - a +1 pair of gloves (worn)
 g - a +0 helmet (worn)
 F - a +1 cloak (worn)
 I - a +2 ring mail of willpower (worn)
 O - a +2 scale mail of fire resistance
Jewellery
 o - the ring "Jetwiyke" (right hand) {MP+9 Int+6}
   (You found it on level 2 of the Dungeon)

   [ring of intelligence]

   Int:       It affects your intelligence (+6).
   MP:        It affects your magic capacity (+9).
 w - a +4 ring of slaying (left hand)
 z - a +6 ring of intelligence
 J - a ring of flight
Wands
 D - a wand of roots (14)
 K - a wand of charming (6)
Scrolls
 j - a scroll of magic mapping
 l - 3 scrolls of teleportation
 n - 2 scrolls of fear
 s - a scroll of summoning
 B - 3 scrolls of fog
 E - 4 scrolls of enchant weapon
Potions
 c - 4 potions of degeneration {unknown}
 d - 2 potions of haste
 f - 2 potions of lignification
 h - a potion of experience {unknown}
 i - a potion of berserk rage {unknown}
 k - a potion of brilliance {unknown}
 m - 3 potions of curing {unknown}
 p - 4 potions of heal wounds
 q - a potion of flight {unknown}
 t - 3 potions of mutation {unknown}
 A - a potion of cancellation {unknown}
 C - a potion of resistance
 L - a potion of attraction {unknown}
 M - a potion of ambrosia {unknown}
 N - a potion of invisibility {unknown}


   Skills:
 + Level 4.3 Fighting
 + Level 6.3(6.9) Short Blades
 + Level 3.9(5.7) Long Blades
 + Level 6.1 Throwing
 + Level 2.1 Armour
 + Level 5.9 Dodging
 + Level 3.7 Stealth
 + Level 1.2 Spellcasting
 + Level 2.1 Transmutations


You had 6 spell levels left.
You knew the following spells:

 Your Spells              Type           Power      Damage    Failure   Level
a - Beastly Appendage     Tmut           18%        N/A       14%         1
b - Magic Dart            Conj           4%         1d3       34%         1
c - Call Imp              Summ           1%         N/A       47%         2

Your spell library contained the following spells:

 Spells                   Type           Power      Damage    Failure   Level
 Apportation              Tloc           2%         N/A       34%         1
 Ignite Poison            Fire/Tmut/Pois 3%         N/A       61%         3
 Mephitic Cloud           Conj/Pois/Air  1%         N/A       71%         3
 Ice Form                 Ice/Tmut       5%         N/A       92%         4
 Anguish                  Hex/Necr       0%         N/A       98%         4
 Passage of Golubria      Tloc           1%         N/A       98%         4
 Alistair's Intoxication  Tmut/Pois      3%         N/A       99%         5
 Enfeeble                 Hex            0%         N/A       100%        7
 Summon Forest            Summ/Tloc      Unusable   N/A       N/A         5
 Haunt                    Necr/Summ      Unusable   N/A       N/A         7

Dungeon Overview and Level Annotations

Branches:
Dungeon (10/15)            Temple (1/1) D:7           Sewer (visited)
   Lair: D:8-11         Orc: D:9-12

Altars:
Elyvilon
Fedhas
Gozag
Hepliaklqana
Kikubaaqudgha
Makhleb
Nemelex Xobeh
Okawaru
Ru
Trog
Uskayaw
Vehumet
Xom
Yredelemnul

Annotations:
D:10 Harold


Message History

The wight hits Harold with a +5 mace.
Harold barely misses the wight.
Harold misses the wight.
The wight hits Harold with a +5 mace!
Harold hits the wight with a +0 scimitar!!
The wight is destroyed!
Okawaru accepts your kill.
Harold shouts!
Your Armour skill increases to level 2!
Harold hits you with a +0 scimitar!
You hit Harold.
Harold is poisoned.
Harold is moderately wounded.
Harold closely misses the wight.
The wight misses you.
You hit Harold but do no damage.
Harold is moderately wounded.
Harold hits you with a +0 scimitar!!
You barely miss Harold.
Harold is moderately wounded.
Harold hits the wight with a +0 scimitar!!
The wight is destroyed!
Okawaru accepts your kill.
You hit Harold.
Harold looks as sick as possible!
Harold is moderately wounded.
Harold misses you.
You hit Harold but do no damage.
Harold is moderately wounded.
Harold closely misses you.
You hit Harold.
Harold looks as sick as possible!
Harold is heavily wounded.
Harold hits you with a +0 scimitar.
You hit Harold but do no damage.
Harold is heavily wounded.
Harold hits you with a +0 scimitar.
* * * LOW HITPOINT WARNING * * *
You hit Harold but do no damage.
Harold looks as sick as possible!
Harold is heavily wounded.
Harold hits you with a +0 scimitar!
* * * LOW HITPOINT WARNING * * *
You hit Harold but do no damage.
Harold looks as sick as possible!
Harold is heavily wounded.
Harold hits you with a +0 scimitar!
You die...

.###..#.##.##.#......##
...............^......#
.###..#.##.##.#..(#..#
.....................####
........................#
#.##..#######.#..###.##.#
......# #.#..# #
#.##.########.#..#
............<..)@#
#.#..########.##@# #.#..#
#. #)# ....... . ..)
#.#..### #. #.. ......
.... #.#.### ##.. .....
... #.#


You could see the neutral Harold (fast, strong, insane, extremely poisoned).

Vanquished Creatures
  Grinder (D:3)
  A wyvern (D:6)
  A steam dragon (D:7)
  2 ice beasts
  A hornet zombie (D:5)
  A centaur (D:7)
  An ogre (D:5)
  A phantom (D:5)
  2 bullfrogs (Sewer)
  A scorpion (D:7)
  2 necrophages (D:6)
  4 killer bees (D:10)
  A bullfrog zombie (D:5)
  2 jellies
  2 orc priests (D:4)
  A hound (D:6)
  Natasha (thrice) (D:2)
  3 iguanas
  8 orc wizards
  2 scorpion zombies (D:5)
  A howler monkey zombie (D:5)
  16 adders
  6 river rats (Sewer)
  3 shadow imps
  A white imp (D:7)
  3 ufetubi
  An adder zombie (D:5)
  2 worms
  A dart slug (D:2)
  32 orcs
  7 bats
  5 endoplasms
  5 giant cockroaches
  7 goblins
  7 hobgoblins
  2 jackals (D:5)
  2 quokkas (D:4)
  17 ball pythons
  7 frilled lizards
  5 kobolds
  26 rats
196 creatures vanquished.

Vanquished Creatures (collateral kills)
  3 wights (D:10)
  A ball python (Sewer)
  4 rats (Sewer)
8 creatures vanquished.

Vanquished Creatures (others)
  8 plants
8 creatures vanquished.

Grand Total: 212 creatures vanquished

Notes
Turn   | Place    | Note
-------+----------+-------------------------------------------
     0 | D:1      | xian the Human Wanderer began the quest for the Orb.
     0 | D:1      | xian set off with the following items: a +0 falchion, 7
                  | poisoned darts, a +0 dagger, a potion of haste, a +0 robe;
                  | and the following spell memorised: Beastly Appendage; and
                  | the following spells available to memorise: Ignite Poison,
                  | Ice Form.
     0 | D:1      | Reached XP level 1. HP: 15/15 MP: 2/2
   167 | D:1      | Got Sif Muna's Encyclopedia of the Voyage and the Flock
   257 | D:1      | Reached XP level 2. HP: 5/21 MP: 3/3
   959 | D:2      | Identified the ring "Jetwiyke" {MP+9 Int+6}
  1250 | D:2      | Reached XP level 3. HP: 20/26 MP: 4/4
  1571 | D:2      | Noticed Natasha
  1577 | D:2      | Killed Natasha
  1578 | D:2      | Reached XP level 4. HP: 32/32 MP: 5/5
  1649 | D:2      | Noticed Natasha
  1657 | D:2      | Killed Natasha
  2275 | D:2      | Noticed Natasha
  2283 | D:2      | Killed Natasha
  2284 | D:2      | Reached XP level 5. HP: 32/38 MP: 6/6
  2683 | D:3      | Found an ancient bone altar of Kikubaaqudgha.
  3267 | D:3      | Reached XP level 6. HP: 20/44 MP: 7/7
  3287 | D:3      | Reached skill level 1 in Short Blades
  3584 | D:3      | Noticed Grinder
  3597 | D:3      | Killed Grinder
  3598 | D:3      | Reached XP level 7. HP: 44/50 MP: 8/8
  3957 | D:4      | Found a glowing drain.
  4028 | Sewer    | Entered a sewer
  5511 | D:4      | Reached XP level 8. HP: 38/57 MP: 9/9
  6751 | D:5      | Entered Level 5 of the Dungeon
  6827 | D:5      | Found a hazy altar of Hepliaklqana.
  7992 | D:5      | Found a basalt altar of Yredelemnul.
  8099 | D:5      | Reached skill level 5 in Dodging
  8099 | D:5      | Reached XP level 9. HP: 19/65 MP: 10/10
  8456 | D:5      | Learned a level 1 spell: Magic Dart
  8459 | D:5      | Learned a level 2 spell: Call Imp
  8517 | D:6      | Reached skill level 5 in Short Blades
  8567 | D:6      | Reached skill level 5 in Throwing
  9429 | D:7      | Found a staircase to the Ecumenical Temple.
  9467 | Temple   | Entered the Ecumenical Temple
  9635 | Temple   | Became a worshipper of Warmaster Okawaru
  9919 | D:7      | Reached skill level 1 in Armour
  9953 | D:7      | You fall into a shaft and drop 3 floors!
  9953 | D:10     | Entered Level 10 of the Dungeon
 10237 | D:10     | Noticed Harold
 10255 | D:10     | Slain by Harold

Illustrated notes

Levels and vault maps discovered:
D:1:      lightli_molten_gateway, layout_rooms, kennysheep_small_spiral
D:2:      layout_basic, serial_forest, infiniplex_forest_end_3,
          infiniplex_forest_clump_double, infiniplex_forest_clump_small,
          infiniplex_forest_lined_corner, infiniplex_forest_clump_curved,
          infiniplex_forest_straight_1, minivault_5, minmay_indecisive_spiral,
          uniq_natasha
D:3:      layout_basic, mainiacjoe_overflow_concentric_impassable, uniq_grinder
D:4:      layout_loops_ring, portal_sewer_entry_a
D:5:      layout_basic, nicolae_yredelemnul_corpse_copse,
          nicolae_hepliaklqana_hazy_memory, palyth_stone_intersect
D:6:      layout_cave_pools
D:7:      layout_loops_ring, minmay_temple_entry_tees
D:10:     layout_basic, minitemple, uniq_harold
Temple:   nicolae_temple_figure_eight

Skill      XL: |  1  2  3  4  5  6  7  8  9 |
---------------+----------------------------+-----
Long Blades    | 3 |  3.9
Dodging        | 2 3 5 |  5.9
Short Blades   | 2 3 4 6 |  6.3
Fighting       | 2 3 4 |  4.3
Throwing       | 3 4 6 |  6.1
Stealth        | 2 3 |  3.7
Armour         | 2 |  2.1
Spellcasting   | |  1.2
Transmutations | |  2.1

Action                   |  1- 3 |  4- 6 |  7- 9 || total
-------------------------+-------+-------+-------++-------
Melee: Falchion          |    64 |    57 |       ||   121
       Punch             |     1 |       |     8 ||     9
       Dagger            |       |    98 |   494 ||   592
Throw: Dart              |     6 |    21 |    84 ||   111
       Boomerang         |       |       |    14 ||    14
       Throwing net      |       |       |     1 ||     1
 Cast: Beastly Appendage |     1 |       |       ||     1
  Use: Potion            |       |     2 |     3 ||     5
       Scroll            |       |       |    16 ||    16
 Stab: Sleeping          |       |     4 |     5 ||     9
Armor: Robe              |    24 |    36 |   107 ||   167
       Skin              |       |       |   148 ||   148
       Ring mail         |       |       |    30 ||    30
Dodge: Dodged            |    61 |    80 |   316 ||   457
